 Dungeon Crawl Stone Soup version 0.25.0-11-g1f837a76a1 (webtiles) character file.

Game seed: 14886068735395319258

1238 mortelune the Summoner (level 8, -1/61 HPs)
             Began as a Barachi Summoner on June 27, 2020.
             Was an Initiate of Ashenzari.
             Slain by a wight
             ... wielding a +6 trident of freezing
              (11 damage)
             ... on level 7 of the Dungeon.
             The game lasted 00:18:53 (7919 turns).

mortelune the Summoner (Barachi Summoner)           Turns: 7919, Time: 00:18:53

Health: -1/61      AC:  7    Str:  9    XL:     8   Next: 49%
Magic:  2/15       EV: 12    Int: 18    God:    Ashenzari [......]
Gold:   438        SH:  0    Dex: 13    Spells: 3/17 levels left

rFire    + . .     SeeInvis .   b - +4 falchion (drain)
rCold    . . .     Gourm    .   (no shield)
rNeg     . . .     Faith    .   n - +0 robe
rPois    .         Spirit   .   (no helmet)
rElec    .         Reflect  .   h - +0 cloak
rCorr    .         Harm     .   p - +2 pair of gloves
MR       +....                  v - +0 pair of boots (curse)
Stlth    ++........             R - amulet of regeneration (curse)
HPRegen  0.60/turn              F - ring of protection from fire
MPRegen  0.14/turn              M - ring of protection from magic

@: drained, slow
A: +LOS, swims, slowness 1, strong legs 1
a: Hop, Curse Item, Renounce Religion


You were on level 7 of the Dungeon.
You worshipped Ashenzari.
Ashenzari was noncommittal.
You were not hungry.

You visited 2 branches of the dungeon, and saw 8 of its levels.

You collected 438 gold pieces.

Inventory:

Hand Weapons
 a - a +1 hunting sling
 b - a +4 falchion of draining (weapon)
 e - a +0 dagger
 m - a +0 short sword
 w - a +0 spear
Missiles
 Q - 143 stones (quivered)
Armour
 h - a +0 cloak (worn)
 n - a +0 robe (worn)
 p - a +2 pair of gloves (worn)
 u - a +0 buckler
 v - a cursed +0 pair of boots (worn)
Jewellery
 q - an uncursed ring of flight
 F - a ring of protection from fire (left hand)
 M - a ring of protection from magic (right hand)
 R - a cursed amulet of regeneration (around neck)
Wands
 r - a wand of random effects (30)
 x - a wand of paralysis (10)
 C - a wand of iceblast (6)
Scrolls
 g - 2 scrolls of immolation
 i - 2 scrolls of identify
 k - a scroll of remove curse
 l - 3 scrolls of magic mapping {unknown}
 s - 2 scrolls of enchant armour
 t - 4 scrolls of teleportation
 y - 2 scrolls of fog {unknown}
 A - a scroll of amnesia {unknown}
Potions
 d - a potion of cancellation {unknown}
 f - 4 potions of curing {unknown}
 j - 4 potions of heal wounds
 o - 4 potions of flight {unknown}
 z - a potion of ambrosia {unknown}
 B - a potion of haste {unknown}
 D - a potion of degeneration {unknown}
Comestibles
 c - 11 rations


   Skills:
 + Level 4.3(3.4) Fighting
 + Level 2.7(1.9) Dodging
 - Level 1.7(0.9) Stealth
 + Level 5.2(4.3) Spellcasting
 * Level 9.4(8.4) Summonings
 - Level 3.5(2.6) Air Magic


You had 3 spell levels left.
You knew the following spells:

 Your Spells              Type           Power        Failure   Level  Hunger
a - Summon Small Mammal   Summ           ####         1%          1    None
b - Call Imp              Summ           ####....     1%          2    ##.....
c - Call Canine Familiar  Summ           ####....     1%          3    ###....
d - Summon Lightning Spi  Summ/Air       ###.....     14%         4    ####...
e - Summon Ice Beast      Ice/Summ       ###.....     26%         4    ####...

Your spell library contained the following spells:

 Spells                   Type           Power        Failure   Level  Hunger
 Summon Guardian Golem    Hex/Summ       ###.....     8%          3    ###....
 Animate Skeleton         Necr           N/A          14%         1    None
 Apportation              Tloc           #.....       14%         1    None
 Corona                   Hex            #......      14%         1    None


Dungeon Overview and Level Annotations

Branches:
Dungeon (7/15)             Temple (1/1) D:4

Altars:
Ashenzari
Cheibriados
Dithmenos
Elyvilon
Fedhas
Gozag
Hepliaklqana
Kikubaaqudgha
Makhleb
Nemelex Xobeh
Okawaru
Qazlal
Ru
Trog
Uskayaw
Vehumet
Wu Jian
Xom
Yredelemnul
Zin
The Shining One

Annotations:
D:3 need deg
D:4 Sigmund


Innate Abilities, Weirdness & Mutations

You can be seen from farther away. (+LOS)
You can swim through water.
You cover ground slowly.
You can hop short distances.


Message History

Your lightning spire shoots out a bolt of lightning at the orc wizard!
The bolt of electricity hits the orc wizard.
The wight hits you with a +6 trident of freezing!
The wight freezes you.
Your lightning spire shoots out a bolt of lightning at the orc wizard!
The bolt of electricity hits the orc wizard.
The orc wizard hits your lightning spire with a +0 dagger.
You hit the wight but do no damage.
The wight hits you with a +6 trident of freezing!
* * * LOW HITPOINT WARNING * * *
You feel drained.
* * * LOW HITPOINT WARNING * * *
The wight freezes you.
* * * LOW HITPOINT WARNING * * *
The orc wizard hits your lightning spire but does no damage.
Your lightning spire shoots out a bolt of lightning at the orc wizard!
The bolt of electricity hits the orc wizard!
The orc wizard dies!
The wight hits you from afar with a +6 trident of freezing!
You die...

#....#.#####.##
#.#..........#
#.....<.....# .##
#...o.......###.....
......##.#####.......#
####...##.# #)####..#
#...##.# #)####..##
#...##.#####).†.....#
#...##..@h8)(........
#...#####.#.(.###.#.#
#...# #z)....# #
#()!...# #)(....#
....z../.#...##
.#.#########.# .# .#


You could see a wight, a friendly wolf (summoned) and a friendly lightning spire
(summoned).

Vanquished Creatures
  Eustachio (D:4)
  Duvessa (D:4)
  2 ice beasts
  An ogre (D:5)
  A scorpion (D:4)
  A crimson imp (D:6)
  2 hounds
  A centaur skeleton (D:5)
  2 iguanas
  A worker ant (D:4)
  A gnoll (D:4)
  6 adders
  An ooze (D:4)
  A leopard gecko (D:5)
  8 orcs
  6 bats
  2 giant cockroaches (D:1)
  3 hobgoblins
  8 jackals
  3 quokkas
  7 frilled lizards
  4 goblins
  7 kobolds
  2 leopard gecko skeletons (D:5)
  10 rats
82 creatures vanquished.

Vanquished Creatures (collateral kills)
  A nameless horror (D:5)
  A sky beast (D:7)
  An ogre (D:6)
  2 centaurs
  A bullfrog (D:6)
  Dowan (D:4)
  4 wights (D:7)
  A howler monkey (D:7)
  3 jellies (D:6)
  4 orc wizards
  An iguana (D:6)
  A worker ant (D:5)
  A worker ant zombie (D:6)
  3 gnolls
  2 shadow imps
  A worm (D:2)
  A leopard gecko (D:3)
  8 orcs
  2 bats
  A giant cockroach (D:3)
  2 goblins (D:2)
  6 jackals (D:1)
  A quokka (D:5)
  A frilled lizard (D:1)
  A giant cockroach zombie (D:6)
  A kobold (D:3)
  A rat (D:3)
53 creatures vanquished.

Grand Total: 135 creatures vanquished

Notes
Turn   | Place    | Note
-------+----------+-------------------------------------------
     0 | D:1      | mortelune the Barachi Summoner began the quest for the Orb.
     0 | D:1      | Reached XP level 1. HP: 13/13 MP: 3/3
   391 | D:1      | Reached skill level 5 in Summonings
   490 | D:1      | Reached XP level 2. HP: 19/19 MP: 5/5
   494 | D:1      | Learned a level 2 spell: Call Imp
   952 | D:2      | Reached XP level 3. HP: 19/24 MP: 6/6
   957 | D:2      | Learned a level 3 spell: Call Canine Familiar
  1026 | D:2      | Found a glowing golden altar of the Shining One.
  2292 | D:1      | Reached skill level 6 in Summonings
  2678 | D:3      | Reached XP level 4. HP: 25/30 MP: 6/8
  3164 | D:3      | Found an ancient bone altar of Kikubaaqudgha.
  3164 | D:3      | Found a shimmering altar of Xom.
  3165 | D:3      | Found a hazy altar of Hepliaklqana.
  3269 | D:3      | Found a stormy altar of Qazlal.
  3643 | D:4      | Reached XP level 5. HP: 26/35 MP: 4/10
  3766 | D:4      | Learned a level 4 spell: Summon Lightning Spire
  3890 | D:4      | Reached skill level 7 in Summonings
  4051 | D:4      | Noticed Sigmund
  4068 | D:4      | Found a shadowy altar of Dithmenos.
  4171 | D:4      | Reached skill level 1 in Fighting
  4369 | D:4      | Noticed Eustachio
  4467 | D:4      | Killed Eustachio
  4467 | D:4      | Reached skill level 1 in Air Magic
  4467 | D:4      | Reached XP level 6. HP: 26/44 MP: 0/11
  4729 | D:4      | Found a staircase to the Ecumenical Temple.
  4763 | D:4      | Noticed Duvessa
  4786 | D:4      | Killed Duvessa
  4924 | Temple   | Entered the Ecumenical Temple
  5048 | Temple   | Became a worshipper of Ashenzari the Shackled
  5070 | D:4      | Reached XP level 7. HP: 51/51 MP: 11/13
  5111 | D:4      | Noticed Dowan
  5123 | D:4      | Killed Dowan
  5330 | D:5      | Entered Level 5 of the Dungeon
  5381 | D:5      | Reached skill level 8 in Summonings
  5551 | D:5      | Found a hide-covered altar of Uskayaw.
  5553 | D:5      | Noticed a +0 hand axe
  5554 | D:5      | Noticed a +0 hand axe
  5571 | D:5      | Noticed a nameless horror
  5743 | D:5      | Killed a nameless horror
  5791 | D:5      | Found a shadowy altar of Dithmenos.
  6320 | D:5      | Found a radiant altar of Vehumet.
  6453 | D:5      | Found a bloodstained altar of Trog.
  7066 | D:6      | Reached XP level 8. HP: 58/58 MP: 7/15
  7227 | D:6      | Learned a level 4 spell: Summon Ice Beast
  7352 | D:6      | Found a burning altar of Makhleb.
  7585 | D:6      | Found an opulent altar of Gozag.
  7650 | D:6      | Found a blossoming altar of Fedhas.
  7664 | D:6      | Reached skill level 9 in Summonings
  7843 | D:7      | Reached skill level 5 in Spellcasting
  7919 | D:7      | Slain by a wight

Illustrated notes

Levels and vault maps discovered:
D:1:      mushboom_english_gardens, layout_basic, minmay_fountain_box
D:2:      layout_loops_ring, nicolae_overflow_hidden_temple, grunt_ministairs_1
D:3:      layout_rooms, lemuel_doored_altar,
          gammafunk_temple_overflow_forgotten, due_unseen_surprise
D:4:      cheibrodos_old_hovel, layout_loops_ring, grunt_dithmenos_shadows,
          minmay_temple_entry_purple_smoke, first_ration, uniq_sigmund,
          uniq_eustachio, uniq_duvessa
D:5:      layout_loops_ring, marbit_many_paths, lightli_temple_of_fire,
          dancing_weapons_uskayaw, basic_altar
D:6:      layout_cave_pools, fedhas_altar_4, overflow_temple_1_default,
          kennysheep_mini_moat
D:7:      layout_loops_ring, grunt_ogre_cave
Temple:   nicolae_temple_figure_zero

Skill      XL: |  1  2  3  4  5  6  7  8 |
---------------+-------------------------+-----
Summonings     | 5 6 7 8 9 |  9.4
Spellcasting   | 3 4 5 |  5.2
Fighting       | 1 2 3 4 |  4.3
Air Magic      | 1 2 3 |  3.5
Dodging        | |  2.7
Stealth        | |  1.7

Action                   |  1- 3 |  4- 6 |  7- 9 || total
-------------------------+-------+-------+-------++-------
Melee: Dagger            |    72 |       |       ||    72
       Spear             |    46 |    64 |    10 ||   120
       Short sword       |    43 |       |       ||    43
       Falchion          |       |    27 |    64 ||    91
 Fire: Hunting sling     |       |    34 |    16 ||    50
 Cast: Summon Small Mamm |    22 |     6 |     2 ||    30
       Call Canine Famil |     2 |    14 |    15 ||    31
       Call Imp          |       |     6 |     4 ||    10
       Summon Lightning  |       |       |    12 ||    12
Invok: Curse Item        |       |       |     1 ||     1
  Use: Scroll            |       |     6 |     1 ||     7
 Stab: Sleeping          |    10 |       |     1 ||    11
       Distracted        |     1 |       |     1 ||     2
  Eat: Chunk             |     7 |    10 |     4 ||    21
       Ration            |       |       |     3 ||     3
Armor: Robe              |    54 |    20 |    36 ||   110
Dodge: Dodged            |   135 |    61 |    65 ||   261
       Rpst.: Falchion   |       |     6 |    22 ||    28
